 Dungeon Crawl Stone Soup version 0.31-a0-1163-gcee99d1eea (webtiles) character file.

Game seed: 15229872295433307130

44 Jannitor the Sneak (level 3, -1/20 HPs)
             Began as a Vine Stalker Delver on Dec 9, 2023.
             Was a Believer of Ru.
             Succumbed to Sigmund's poison
             ... on level 2 of the Dungeon.
             The game lasted 00:04:09 (1438 turns).

Jannitor the Sneak (Vine Stalker Delver)            Turns: 1438, Time: 00:04:10

Health: -1/20      AC:  3    Str: 13 (14) XL:     3   Next: 62%
Magic:  4/4        EV: 12    Int:  9 (10) God:    Ru [**....]
Gold:   80         SH:  5    Dex: 16 (17) Spells: 2/2 levels left

rFire   x . .        a - +0 short sword
rCold   x . .        (no shield)
rNeg    . . .        b - +0 leather armour
rPois   .            (no helmet)
rElec   .            (no cloak)
rCorr   .            (no gloves)
SInv    .            (no boots)
Will    .....        d - amulet of reflection
Stlth   +++          (no ring)
HPRegen 1.03/turn    (no ring)
MPRegen 0.09/turn

%: reflection, guardian spirit
@: mighty, lethally poisoned (-1 -> -5), hasted, very quick
A: fangs 2, regeneration 1, magic shield, antimagic bite, no potion heal 2,
temperature sensitive
a: Renounce Religion


You were on level 2 of the Dungeon.
You worshipped Ru.
Ru was pleased with you.
You visited 2 branches of the dungeon, and saw 7 of its levels.

You collected 80 gold pieces.

Inventory:

Hand Weapons
 a - a +0 short sword (weapon)
Missiles
 e - 6 poisoned darts
Armour
 b - a +0 leather armour (worn)
Jewellery
 d - an amulet of reflection (around neck)
Wands
 g - a wand of digging (3)
 h - a wand of iceblast (15)
Scrolls
 c - 3 scrolls of fog
 i - a scroll of amnesia {unknown}
 k - 2 scrolls of butterflies {unknown}
 m - a scroll of vulnerability {unknown}
Potions
 j - a potion of degeneration


   Skills:
 + Level 3.1 Fighting
 + Level 2.2 Short Blades
 + Level 2.1 Dodging
 + Level 6.4 Stealth


You had 2 spell levels left.
You didn't know any spells.
Your spell library contained the following spells:

 Spells                   Type           Power      Damage    Failure   Level
 Ensorcelled Hibernation  Hex/Ice        0%         N/A       61%         2
 Passwall                 Tmut/Erth      0%         N/A       61%         2
 Swiftness                Air            0%         N/A       83%         3


Dungeon Overview and Level Annotations

Branches:
Dungeon (6/15)             Temple (1/1) D:4

Altars:
Ashenzari
Dithmenos
Fedhas
Gozag
Hepliaklqana
Makhleb
Nemelex Xobeh
Okawaru
Qazlal
Ru
Trog
Xom
Zin
The Shining One

Annotations:
D:2 Natasha
D:3 exclusion: gnoll
D:4 exclusion: adder, Dowan, Duvessa
D:6 exclusion: orc warrior


Innate Abilities, Weirdness & Mutations

You have extremely sharp teeth.
Your natural rate of healing is unusually fast.
When hurt, damage is shared between your health and your magic reserves.
Your bite disrupts and absorbs the magic of your enemies.
Potions cannot restore your health.
You are sensitive to extremes of temperature. (rF-, rC-)


Message History

Sigmund points at you and mumbles some strange words.
The puff of flame hits you! The fire burns you terribly!
Ouch! That really hurt!
It was a potion of degeneration.
There was something very wrong with that liquid.
You feel weakened.
You feel dopey.
You feel clumsy. Sigmund hits you but does no damage.
You are poisoned.
You hit Sigmund. You bite Sigmund.
Sigmund's magic leaks into the air.
You drain his magic.
You feel invigorated.
Sigmund is lightly wounded.
You feel sick.
You hit Sigmund. Your bite misses Sigmund.
Sigmund is moderately wounded.
You feel sick.
You hit Sigmund. Your bite misses Sigmund.
Sigmund is moderately wounded.
You feel sick.
Sigmund hits you with a +2 scythe of venom.
You are lethally poisoned!
You closely miss Sigmund.
Sigmund is moderately wounded.
* * * LOW HITPOINT WARNING * * *
You feel sick.
It was a potion of might.
You feel very mighty all of a sudden.
* * * LOW HITPOINT WARNING * * *
You feel sick.
Sigmund hits you with a +2 scythe of venom.
* * * LOW HITPOINT WARNING * * *
Unknown command.
You closely miss Sigmund. You bite Sigmund!
Sigmund's magic leaks into the air.
You drain his magic.
You feel invigorated.
Sigmund is almost dead.
* * * LOW HITPOINT WARNING * * *
You feel sick.
Unknown command.
You puncture Sigmund!
You kill Sigmund!
You die...

#.# .# #.#### #.# .##
#.##... #.....
####.##.#.# ##..##
..#.##.# .###.#.##
#)#.##.# #.#.....#
#@#.##.###........
#..?.......#.#####
.......†.##.##....#####
######=####............
#.# ####.†..##### #.#
##.#.##... #.#
#.#...... #.# #........
#. .........##


There were no monsters in sight!

Vanquished Creatures
  Sigmund (D:2)
  2 dart slugs (D:1)
  3 endoplasms
  3 goblins
  6 hobgoblins (D:1)
  2 jackals (D:1)
  4 quokkas
  4 ball pythons
  3 bats
  A frilled lizard (D:2)
  3 kobolds (D:1)
  5 rats
37 creatures vanquished.

Notes
Turn   | Place    | Note
-------+----------+-------------------------------------------
     0 | D:5      | Jannitor the Vine Stalker Delver began the quest for the
                  | Orb.
     0 | D:5      | Reached XP level 1. HP: 11/11 MP: 2/2
   111 | D:5      | Noticed an iguana
   151 | D:6      | Noticed an orc warrior
   219 | D:4      | Found a staircase to the Ecumenical Temple.
   240 | Temple   | Entered the Ecumenical Temple
   322 | Temple   | Became a worshipper of Ru the Awakened
   417 | D:4      | Noticed Duvessa
   418 | D:4      | Noticed Dowan
   467 | D:3      | Found a broken altar of Ashenzari.
   663 | D:2      | Noticed Natasha
   709 | D:1      | Reached XP level 2. HP: 16/16 MP: 3/3
   885 | D:1      | Reached XP level 3. HP: 17/20 MP: 4/4
  1137 | D:1      | Gained mutation: You are sensitive to extremes of
                  | temperature. (rF-, rC-) [Ru sacrifice]
  1137 | D:1      | Reached * piety under Ru
  1137 | D:1      | Reached ** piety under Ru
  1427 | D:2      | Noticed Sigmund
  1437 | D:2      | HP: 1/20 [poisoned by Sigmund]
  1438 | D:2      | Killed Sigmund
  1438 | D:2      | Succumbed to Sigmund's poison

Illustrated notes

Levels and vault maps discovered:
D:1:      dpeg_arrival_rooms_c, layout_loops_ring, minivault_19,
          minmay_tetromino_i4
D:2:      layout_loops_ring, serial_shops,
          nicolae_shop_competitors_out_of_business, shop, shop,
          nicolae_shop_pleasant_corner_grove, shop, uniq_natasha, uniq_sigmund
D:3:      layout_basic, mainiacjoe_overflow_surrounded_room,
          vehumet_altar_wand_db, nicolae_ashenzari_panopticon, serial_shops,
          shop, nicolae_figureground_sparkle
D:4:      layout_rooms, cheibrodos_worm_habitat, led_sif_book,
          minmay_temple_entry_sparse_star, minmay_misc_feat_alley, uniq_duvessa,
          uniq_grinder
D:5:      layout_cave_pods, nicolae_uskayaw_en_pointe, serial_shops,
          nicolae_shop_crystal, minmay_misc_feat_five
D:6:      layout_basic, mainiacjoe_overflow_paths
Temple:   oiseaux_autumnal_temple

Skill      XL: |  1  2 |
---------------+-------+-----
Short Blades   | 2 |  2.2
Fighting       | 3 |  3.1
Dodging        | 2 |  2.1
Stealth        | |  6.4

Action                     || total
---------------------------++-------
  Melee: Short sword       ||    83
         Bite              ||    21
 Invoke: Sacrifice Resista ||     1
    Use: Scroll            ||     2
         Potion            ||     3
   Stab: Sleeping          ||    12
 Armour: Leather armour    ||    31
  Dodge: Dodged            ||    25
  Block: Other             ||    10

Table legend: (Time is in decaauts)
 A = Elapsed time spent in this place.
 B = Non-inter-level travel time spent in this place.
 C = Inter-level travel time spent in this place.
 D = Time resting spent in this place.
 E = Time spent auto-exploring this place.
 F = Levels seen in this place.
 G = Mean time per level.
                   A        B        C        D        E       F      G
               +--------+--------+--------+--------+--------+-----+--------+
         Total |   1430 |   1336 |     94 |      7 |    911 |   7 |  204.3 |
       Dungeon |   1316 |   1272 |     44 |      7 |    911 |   6 |  219.3 |
        Temple |    113 |     63 |     50 |      0 |      0 |   1 |  113.0 |
               +--------+--------+--------+--------+--------+-----+--------+

Top non-repeatable levels by time:
     D:1: 669 daAuts
     D:3: 229 daAuts
     D:5: 194 daAuts
  Temple: 113 daAuts
     D:2: 108 daAuts
     D:4: 90 daAuts
     D:6: 24 daAuts
